 Dungeon Crawl Stone Soup version 0.22.1-2-g9c5b331383 (webtiles) character file.

149145 Morrissey the Impaler (level 17, -6/130 HPs)
             Began as a Merfolk Skald on Dec 2, 2018.
             Was the Champion of Okawaru.
             Mangled by a wolf spider (15 damage)
             ... on level 1 of the Spider Nest.
             The game lasted 01:31:23 (30364 turns).

Morrissey the Impaler (Merfolk Skald)              Turns: 30364, Time: 01:31:24

Health: -6/130     AC: 20    Str: 16    XL:     17   Next: 21%
Magic:  24/26      EV: 24    Int: 15    God:    Okawaru [******]
Gold:   2224       SH:  0    Dex: 18    Spells: 6/20 levels left

rFire    + + .     SeeInvis +   a - +9 glaive (chop)
rCold    . . .     Gourm    .   (shield currently unavailable)
rNeg     . . .     Faith    .   B - +0 swamp dragon scales
rPois    +         Spirit   .   k - +2 hat
rElec    .         Reflect  .   n - +1 cloak
rCorr    .         Harm     .   J - +2 pair of gloves {Str+3}
MR       +....                  Q - +2 pair of boots {run}
Stlth    +.........             j - amulet of regeneration
HPRegen  0.71/turn              o - +3 ring of slaying
MPRegen  0.20/turn              V - ring of see invisible

@: very slightly contaminated, quick
A: change form in water, swift swim, stealthy swim, fire resistance 2, high mp
1, strong 1
}: 1/15 runes: decaying
a: Heroism, Finesse, Renounce Religion


You were on level 1 of the Spider Nest.
You worshipped Okawaru.
Okawaru was exalted by your worship.
You were not hungry.

You visited 6 branches of the dungeon, and saw 29 of its levels.
You also visited: Labyrinth, Ossuary and Ice Cave.

You collected 2776 gold pieces.
You spent 552 gold pieces at shops.

Inventory:

Hand Weapons
 a - a +9 glaive of chopping (weapon)
 b - a +1 trident of draining
 R - the +2 bardiche of Profit {freeze, MR+ Str+4 Int-2 Dex+4}
   (Okawaru gifted it to you on level 6 of the Lair of Beasts)

   It has been specially enchanted to freeze those struck by it, causing extra
   injury to most foes and up to half again as much damage against particularly
   susceptible opponents.
   It can also slow down cold-blooded creatures.
   It affects your strength (+4).
   It affects your intelligence (-2).
   It affects your dexterity (+4).
   It affects your resistance to hostile enchantments.
Missiles
 C - 7 silver javelins (quivered)
Armour
 k - a +2 hat (worn)
 n - a +1 cloak (worn)
 z - a +2 troll leather armour
 B - +0 swamp dragon scales (worn)
 J - a +2 pair of gloves of strength (worn)
 Q - a +2 pair of boots of running (worn)
 Y - the +2 buckler of Kuegunloo {rPois Str+4}
   (You found it in a labyrinth)

   It affects your strength (+4).
   It protects you from poison.
Jewellery
 j - an amulet of regeneration (around neck)
 o - a +3 ring of slaying (left hand)
 I - an uncursed ring of resist corrosion
 M - an uncursed ring of protection from cold
 S - an uncursed ring of protection from cold
 V - a ring of see invisible (right hand)
 Z - an uncursed ring of protection from fire
Wands
 l - a wand of flame (120)
 p - a wand of random effects (17)
 r - a wand of acid (19)
 x - a wand of scattershot (13)
 D - a wand of enslavement (51)
 F - a wand of iceblast (11)
 H - a wand of polymorph (3)
 N - a wand of disintegration (17)
 W - a wand of paralysis (28)
Scrolls
 c - a scroll of enchant weapon
 e - 4 scrolls of fog
 f - 11 scrolls of remove curse
 h - 4 scrolls of fear
 q - 3 scrolls of immolation
 t - 2 scrolls of amnesia
 y - 6 scrolls of identify
 E - 3 scrolls of blinking
 X - a scroll of teleportation
Potions
 g - 6 potions of brilliance
 i - 4 potions of agility
 s - 2 potions of curing
 u - 2 potions of flight
 v - a potion of might
 w - 3 potions of haste
 A - a potion of ambrosia
 G - a potion of mutation
 K - a potion of cancellation
 P - 3 potions of invisibility
 U - a potion of heal wounds
Miscellaneous
 m - a lightning rod (4/4)
 O - 2 boxes of beasts
 T - a lightning rod (4/4)
Comestibles
 d - 46 rations
 L - 3 chunks of flesh


   Skills:
 - Level 10.9 Fighting
 - Level 20.0 Polearms
 * Level 8.1 Armour
 + Level 18.2 Dodging
 - Level 2.0 Spellcasting
 - Level 8.0 Hexes
 - Level 8.0 Charms
 - Level 4.0 Translocations
 - Level 5.1 Ice Magic
 - Level 8.0 Invocations
 - Level 10.0 Evocations


You had 6 spell levels left.
You knew the following spells:

 Your Spells              Type           Power        Failure   Level  Hunger
a - Infusion              Chrm           ####         1%          1    #......
b - Shroud of Golubria    Chrm/Tloc      ###.......   4%          2    ###....
c - Regeneration          Chrm/Necr      ##........   22%         3    ###....
d - Spectral Weapon       Hex/Chrm       ####....     4%          3    ###....
e - Blink                 Tloc           N/A          11%         2    ###....
f - Ozocubu's Armour      Chrm/Ice       ###.....     8%          3    ###....

Your spell library contained the following spells:

 Spells                   Type           Power        Failure   Level  Hunger
 Corona                   Hex            ####...      1%          1    #......
 Slow                     Hex            ####....     1%          2    ###....
 Song of Slaying          Chrm           ####....     1%          2    ###....
 Ensorcelled Hibernation  Hex/Ice        ###...       3%          2    ###....
 Freeze                   Ice            ###.         4%          1    #......
 Confuse                  Hex            ####....     4%          3    ###....
 Tukima's Dance           Hex            ####....     4%          3    ###....
 Cause Fear               Hex            ####......   14%         4    #####..
 Throw Frost              Conj/Ice       #.....       21%         2    ###....
 Dazzling Spray           Conj/Hex       ##....       22%         3    ###....
 Summon Guardian Golem    Hex/Summ       ##......     22%         3    ###....
 Magic Dart               Conj           #...         36%         1    #......
 Sandblast                Erth           #.....       36%         1    #......
 Sting                    Conj/Pois      #...         36%         1    #......
 Summon Small Mammal      Summ           #...         36%         1    #......
 Recall                   Summ/Tloc      N/A          43%         3    ###....
 Call Imp                 Summ           #.......     50%         2    ###....
 Passwall                 Tmut/Erth      #.......     50%         2    ###....
 Poisonous Vapours        Pois/Air       #.....       50%         2    ###....
 Metabolic Englaciation   Hex/Ice        ###.......   56%         5    ######.
 Call Canine Familiar     Summ           #.......     73%         3    ###....
 Conjure Flame            Conj/Fire      #.......     73%         3    ###....
 Mephitic Cloud           Conj/Pois/Air  #.......     73%         3    ###....
 Stone Arrow              Conj/Erth      #.....       73%         3    ###....
 Ice Form                 Ice/Tmut       #.......     78%         4    #####..
 Summon Ice Beast         Ice/Summ       #.......     78%         4    #####..
 Throw Icicle             Conj/Ice       #.......     78%         4    #####..
 Iskenderun's Battlesphe  Conj/Chrm      ##......     89%         5    ######.
 Silence                  Hex/Air        ##........   89%         5    ######.
 Yara's Violent Unravell  Hex/Tmut       ##........   89%         5    ######.
 Animate Dead             Necr           N/A          98%         4    #####..
 Olgreb's Toxic Radiance  Pois           #.......     98%         4    #####..
 Petrify                  Tmut/Erth      #.......     98%         4    #####..
 Summon Lightning Spire   Summ/Air       #.......     98%         4    #####..
 Bolt of Magma            Conj/Fire/Erth #.........   100%        5    ######.
 Borgnjor's Vile Clutch   Necr/Erth      #.........   100%        5    ######.
 Lee's Rapid Deconstruct  Erth           #.........   100%        5    ######.
 Venom Bolt               Conj/Pois      #.........   100%        5    ######.
 Bolt of Cold             Conj/Ice       #.........   100%        6    #######
 Death Channel            Necr           #.........   100%        6    #######
 Deflect Missiles         Chrm/Air       ##........   100%        6    #######
 Freezing Cloud           Conj/Ice/Air   #.........   100%        6    #######
 Iron Shot                Conj/Erth      #.........   100%        6    #######
 Ozocubu's Refrigeration  Ice            ###.......   100%        6    #######
 Simulacrum               Ice/Necr       #.........   100%        6    #######
 Orb of Destruction       Conj           #.........   100%        7    #######
 Ring of Flames           Chrm/Fire      ##........   100%        7    #######
 Spellforged Servitor     Conj/Summ      #.........   100%        7    #######
 Discord                  Hex            ####......   100%        8    #######


Dungeon Overview and Level Annotations

Branches:
Dungeon (15/15)            Temple (1/1) D:6            Lair (6/6) D:9
  Swamp (4/4) Lair:4       Spider (1/4) Lair:2        Slime (0/5) Lair:6
    Orc (2/2) D:10            Elf (0/3) Orc:2        Vaults (0/5) D:13
 Depths (0/5) D:15

Altars:
Ashenzari
Cheibriados
Dithmenos
Elyvilon
Fedhas
Gozag
Hepliaklqana
Kikubaaqudgha
Makhleb
Nemelex Xobeh
Okawaru
Qazlal
Ru
Sif Muna
Trog
Uskayaw
Vehumet
Wu Jian
Xom
Yredelemnul
Zin
The Shining One
Beogh
Jiyva

Shops:
D:5 *!   D:7 [   D:11 [   D:14 [   Orc:2 :(*[!

Annotations:
D:8 exclusion: 2 spectral weapons
D:11 1 runed door


Innate Abilities, Weirdness & Mutations

You revert to your normal form in water.
You are very nimble and swift while swimming.
You are very stealthy in the water. (Stealth+)
Your flesh is very heat resistant. (rF++)
You have an increased reservoir of magic. (+10% MP)
Your muscles are strong. (Str +2)


Message History

The wolf spider is heavily wounded.
You feel sick.
Your spectral weapon hits the wolf spider from afar!
The wolf spider barely misses you. The wolf spider misses you.
The wolf spider hits you but does no damage.
The wolf spider bites you but does no damage.
Attack whom?
Press: ? - help, Dir - move target cursor, f/p - wolf spider
Aim: a wolf spider (severely wounded, clinging)
You closely miss the wolf spider.
The wolf spider is severely wounded.
You feel sick.
Your spectral weapon barely misses the wolf spider.
The wolf spider hits you!
* * * LOW HITPOINT WARNING * * *
The wolf spider bites you but does no damage.
The wolf spider closely misses you. The wolf spider bites you!
* * * LOW HITPOINT WARNING * * *
You feel better. The wolf spider hits you!
You die...

#.... .....#^ .....#......
......#.... ...##
##s.......####.....
#.........#..#.....
#...?...>#......[#
#.......#......##
###ss.#.......# ...
#.(@..........# ....
###.†...^....#####
....###...........##.^.#
#.....#..........##....
........#####....#.... #
.........#..#....#...###..#.
##..........#....#...#.#....
............#....#..........
......†.....#....#.)........


You could see 2 wolf spiders and a friendly spectral glaive of chopping.

Vanquished Creatures
  Gastronok (D:8)
  Kirke (Lair:4)
  A thorn hunter (Swamp:4)
  An azure jelly (Swamp:4)
  A frost giant (IceCv)
  An orc warlord (Orc:2)
  A very ugly thing (Swamp:3)
  A minotaur (Lab)
  2 dire elephants
  9 hydras
  A great orb of eyes (D:15)
  A rakshasa (D:10)
  Harold (Orc:1)
  3 ice dragons (Swamp:4)
  A vault guard (D:13)
  Erica (D:7)
  3 ghost crabs
  2 centaur warriors (D:15)
  4 death yaks
  5 two-headed ogres
  7 alligators
  A tengu warrior (D:15)
  3 orc high priests (Orc:2)
  Sonja (Lair:6)
  Nergalle (Lair:4)
  2 unseen horrors
  3 shambling mangroves
  2 wizards
  4 swamp dragons
  6 orc knights
  5 orc sorcerers
  5 orb spiders (Spider:1)
  7 wolf spiders (Spider:1)
  2 ugly things
  2 manticores
  5 cyclopes
  15 elephants
  Maurice (D:8)
  Psyche (D:8)
  3 torpor snails
  5 black mambas
  5 gargoyles
  A demonic crawler (Spider:1)
  2 rime drakes (Lair:6)
  5 komodo dragons
  8 spiny frogs
  5 freezing wraiths
  5 jumping spiders (Spider:1)
  6 trolls
  A tengu conjurer (D:15)
  17 polar bears
  11 hornets
  10 tyrant leeches
  Prince Ribbit (D:6)
  7 bog bodies
  17 slime creatures
  13 blink frogs
  7 hippogriffs
  A hippogriff (shapeshifter) (D:10)
  4 shadows
  A vampire (D:9)
  4 spriggans
  5 tarantellas (Spider:1)
  19 redbacks
  A wyvern (D:13)
  62 yaks
  A wraith (D:14)
  6 basilisks
  2 hogs (Lair:4)
  26 vampire mosquitoes
  A steam dragon (D:11)
  5 swamp worm simulacra (Swamp:4)
  6 hungry ghosts
  A warg (Orc:2)
  12 swamp worms
  A warg (shapeshifter) (D:10)
  3 soldier ants
  4 insubstantial wisps (Swamp:2)
  An acid dragon (D:14)
  12 water moccasins
  8 porcupines
  6 hell hounds
  15 hydra simulacra (Swamp:4)
  2 swamp drakes (Swamp:2)
  2 phantoms
  11 ice beasts
  A hornet zombie (D:15)
  44 orc warriors
  A sky beast (D:11)
  A necrophage (D:12)
  4 black bears
  15 centaurs
  5 ogres
  An eye of draining (D:12)
  37 wolves
  An elf zombie (Ossuary)
  8 crocodiles
  4 big kobolds
  19 bullfrogs
  A gnoll sergeant (D:10)
  2 water moccasin zombies
  5 scorpions
  A wyvern skeleton (D:13)
  9 killer bees
  2 troll skeletons (Lab)
  3 electric eels (D:9)
  3 wights (D:10)
  4 howler monkeys
  10 jellies
  4 crimson imps
  4 lava snakes (Lab)
  2 bullfrog zombies
  4 centaur zombies
  9 hounds
  28 orc priests
  A human zombie (Ossuary)
  A bullfrog skeleton (D:10)
  2 centaur skeletons
  5 iguanas
  37 orc wizards
  11 worker ants
  A big kobold zombie (Ossuary)
  2 ogre skeletons (Lab)
  2 hound zombies
  2 mummies (Ossuary)
  A howler monkey zombie (D:7)
  A worker ant zombie (D:7)
  5 gnolls (D:10)
  9 adders
  3 shadow imps
  3 swamp drake simulacra (Swamp:4)
  17 oozes
  An adder skeleton (D:4)
  An adder zombie (Ossuary)
  3 worms
  5 dart slugs
  6 leopard geckos
  121 orcs
  2 ball pythons
  4 giant cockroaches
  14 goblins
  3 hobgoblins
  7 jackals
  5 quokkas
  5 bats
  6 frilled lizards
  2 goblin zombies (D:5)
  10 hobgoblin zombies (Ossuary)
  2 jackal zombies (Ossuary)
  21 kobolds
  7 kobold zombies (Ossuary)
  2 leopard gecko zombies
  11 orc zombies (Ossuary)
  2 quokka skeletons
  A quokka zombie (D:7)
  5 rats
  A rat zombie (Ossuary)
  A fungus (Lair:6)
  A plant (Lab)
  A spectral weapon (D:10)
1050 creatures vanquished.

Vanquished Creatures (others)
  A ghost crab (Swamp:4)
  A death yak (IceCv)
  A rime drake (IceCv)
  2 polar bears (IceCv)
  2 swamp worms (Swamp:4)
  A bullfrog (Lair:4)
  A quokka (D:9)
  17 fungi
  A plant (Lair:5)
  40 spectral weapons
67 creatures vanquished.

Grand Total: 1117 creatures vanquished

Notes
Turn   | Place    | Note
-------+----------+-------------------------------------------
     0 | D:1      | Morrissey the Merfolk Skald began the quest for the Orb.
     0 | D:1      | Reached XP level 1. HP: 16/16 MP: 3/3
   214 | D:1      | Reached XP level 2. HP: 21/23 MP: 5/5
   359 | D:1      | Reached skill level 4 in Polearms
   536 | D:1      | Reached XP level 3. HP: 28/28 MP: 6/6
   614 | D:1      | Learned a level 3 spell: Regeneration
  1201 | D:2      | Found a burning altar of Makhleb.
  1458 | D:2      | Reached XP level 4. HP: 34/34 MP: 7/7
  1577 | D:3      | Reached skill level 5 in Polearms
  1597 | D:3      | Learned a level 3 spell: Spectral Weapon
  1976 | D:3      | Reached XP level 5. HP: 19/41 MP: 8/8
  2099 | D:3      | Reached skill level 1 in Hexes
  2567 | D:3      | You fall through a shaft for 3 floors!
  2589 | D:6      | Noticed a black bear
  2589 | D:6      | Noticed an ice beast
  2663 | D:5      | Entered Level 5 of the Dungeon
  2664 | D:5      | Found Temysonn's Distillery.
  2674 | D:5      | Bought a potion of haste for 120 gold pieces
  2675 | D:5      | Found Fyotot's General Store.
  2756 | D:5      | Found a sacrificial altar of Ru.
  2803 | D:5      | Reached XP level 6. HP: 47/47 MP: 5/9
  2833 | D:5      | Found a sand-covered staircase.
  2840 | Ossuary  | Entered an ossuary
  3034 | Ossuary  | Reached skill level 6 in Polearms
  3093 | Ossuary  | Reached XP level 7. HP: 27/53 MP: 2/10
  3312 | D:5      | Found a shattered altar of Ashenzari.
  3474 | D:3      | Learned a level 2 spell: Shroud of Golubria
  3705 | D:4      | Reached skill level 7 in Polearms
  3751 | D:4      | Found a shadowy altar of Dithmenos.
  3822 | D:4      | Reached skill level 5 in Charms
  3892 | D:4      | Reached skill level 5 in Dodging
  3932 | D:4      | Found a shimmering altar of Xom.
  3939 | D:4      | Reached XP level 8. HP: 50/60 MP: 11/11
  4012 | D:4      | Found a snail-covered altar of Cheibriados.
  4149 | D:5      | Found a hide-covered altar of Uskayaw.
  4149 | D:5      | Found a glowing golden altar of the Shining One.
  4826 | D:6      | Reached skill level 8 in Polearms
  4940 | D:6      | Reached skill level 5 in Fighting
  4940 | D:6      | Reached skill level 5 in Hexes
  5332 | D:6      | Reached skill level 9 in Polearms
  5340 | D:6      | Found a staircase to the Ecumenical Temple.
  5349 | Temple   | Entered the Ecumenical Temple
  5648 | D:6      | Found a white marble altar of Elyvilon.
  5649 | D:6      | Noticed Prince Ribbit
  5742 | D:6      | Noticed a slime creature
  5759 | D:6      | Killed a slime creature
  5763 | D:6      | Reached XP level 9. HP: 42/68 MP: 9/12
  5794 | D:6      | Reached skill level 10 in Polearms
  5890 | D:6      | Killed Prince Ribbit
  6076 | D:7      | Found an ornate altar of the Wu Jian Council.
  6384 | D:7      | Reached skill level 11 in Polearms
  6388 | D:7      | Found Ryf Hol's Antique Armour Emporium.
  6831 | D:7      | Found a hazy altar of Hepliaklqana.
  6908 | D:8      | Noticed Psyche
  6918 | D:8      | Killed Psyche
  6980 | D:7      | Reached skill level 12 in Polearms
  7055 | D:8      | Noticed Gastronok
  7056 | D:8      | Noticed Maurice
  7115 | D:8      | Noticed Erica
  7225 | D:7      | Killed Erica
  7225 | D:7      | Reached XP level 10. HP: 40/79 MP: 7/13
  7353 | D:8      | Reached skill level 13 in Polearms
  7388 | D:8      | Found a bloodstained altar of Trog.
  7406 | D:8      | Found an iron altar of Okawaru.
  7413 | D:8      | Became a worshipper of Warmaster Okawaru
  7781 | D:8      | Paralysed by a hornet for 3 turns
  7810 | D:8      | Gained mutation: You tend to lose your temper in combat.
                  | [potion of mutation]
  7810 | D:8      | Gained mutation: You are clumsy. (Dex -2) [potion of
                  | mutation]
  7810 | D:8      | Lost mutation: You are clumsy. (Dex -2) [potion of
                  | mutation]
  8041 | D:8      | Found a blossoming altar of Fedhas.
  8042 | D:8      | Found an ancient bone altar of Kikubaaqudgha.
  8071 | D:8      | Killed Gastronok
  8071 | D:8      | Reached * piety under Okawaru
  8071 | D:8      | Reached ** piety under Okawaru
  8071 | D:8      | Reached skill level 14 in Polearms
  8119 | D:8      | Noticed a two-headed ogre
  8128 | D:8      | Killed a two-headed ogre
  8128 | D:8      | Reached skill level 10 in Dodging
  8128 | D:8      | Reached XP level 11. HP: 68/87 MP: 10/14
  8205 | D:8      | Paralysed by a hornet for 2 turns
  8389 | D:8      | Killed Maurice
  8389 | D:8      | Reached skill level 1 in Invocations
  8508 | D:9      | Reached *** piety under Okawaru
  9435 | D:9      | Reached **** piety under Okawaru
  9467 | D:9      | Found a staircase to the Lair.
  9575 | D:10     | Entered Level 10 of the Dungeon
  9905 | D:10     | Found a staircase to the Orcish Mines.
  9918 | D:10     | Found a roughly hewn altar of Beogh.
 10195 | D:10     | Reached skill level 10 in Fighting
 10201 | D:10     | Noticed a two-headed ogre
 10212 | D:10     | Killed a two-headed ogre
 10212 | D:10     | Reached ***** piety under Okawaru
 10303 | D:10     | Noticed a cyclops
 10443 | Lair:1   | Entered Level 1 of the Lair of Beasts
 10529 | Lair:1   | Reached skill level 5 in Invocations
 10761 | Lair:1   | Reached XP level 12. HP: 97/97 MP: 13/16
 11216 | Lair:2   | Found the +3 salamander hide armour {+Rage rF++}
 11266 | Lair:2   | Found a hole to the Spider Nest.
 11525 | Lair:2   | Got a steaming ring mail
 11530 | Lair:2   | Received a gift from Okawaru
 12089 | Lair:3   | Found a frozen archway.
 12134 | IceCv    | Entered an ice cave
 12149 | IceCv    | Killed a death yak
 12262 | IceCv    | Reached skill level 15 in Dodging
 12267 | IceCv    | Reached ****** piety under Okawaru
 12552 | IceCv    | Received a gift from Okawaru
 12556 | IceCv    | Reached skill level 1 in Armour
 12745 | IceCv    | Noticed a frost giant
 12806 | IceCv    | Killed a frost giant
 12806 | IceCv    | Reached XP level 13. HP: 70/103 MP: 5/19
 12906 | IceCv    | Learned a level 2 spell: Blink
 14259 | Lair:4   | Reached skill level 1 in Translocations
 14360 | Lair:4   | Noticed Nergalle
 14379 | Lair:4   | Killed Nergalle
 14405 | Lair:4   | Received a gift from Okawaru
 14517 | Lair:4   | Found a staircase to the Swamp.
 14714 | Lair:4   | Noticed Kirke
 14731 | Lair:4   | Killed Kirke
 15232 | Lair:5   | Reached skill level 5 in Armour
 15768 | Lair:5   | Reached XP level 14. HP: 67/110 MP: 17/20
 15775 | Lair:5   | Received a gift from Okawaru
 15776 | Lair:5   | Got a smoking great sword {god gift}
 15777 | Lair:5   | Identified the +4 great sword "Qoisch" {slice, rC+ Dex+3}
                  | (Okawaru gifted it to you on level 5 of the Lair of Beasts)
 16395 | Lair:6   | Entered Level 6 of the Lair of Beasts
 16596 | Lair:6   | Found a viscous altar of Jiyva.
 16602 | Lair:6   | Found a staircase to the Slime Pits.
 17033 | Lair:6   | Noticed Sonja
 17035 | Lair:6   | Killed Sonja
 17070 | Lair:6   | Received a gift from Okawaru
 17081 | Lair:6   | Reached skill level 1 in Evocations
 17096 | Lair:6   | Got a crystal bardiche {god gift}
 17097 | Lair:6   | Identified the +2 bardiche of Profit {freeze, MR+ Str+4
                  | Int-2 Dex+4} (Okawaru gifted it to you on level 6 of the
                  | Lair of Beasts)
 17230 | Lair:6   | Noticed a dire elephant
 17265 | Lair:6   | Killed a dire elephant
 17737 | Lair:6   | Learned a level 3 spell: Ozocubu's Armour
 17902 | Lair:6   | Received a gift from Okawaru
 17902 | Lair:6   | Reached skill level 1 in Ice Magic
 17914 | Lair:6   | Identified a +1 pair of boots of running (Okawaru gifted it
                  | to you on level 6 of the Lair of Beasts)
 17975 | Lair:6   | Found a burning altar of Makhleb.
 18001 | Lair:6   | HP: 5/110 [ice devil (12)]
 18874 | D:11     | Found Pehec's Armour Emporium.
 19435 | D:11     | Found a runed door.
 19846 | D:12     | Found a labyrinth entrance.
 19853 | Lab      | Entered a labyrinth
 20442 | Lab      | Reached skill level 15 in Polearms
 20592 | Lab      | Reached XP level 15. HP: 35/115 MP: 11/21
 20601 | Lab      | Got a brightly glowing copper amulet
 20602 | Lab      | Got a bloodstained scale mail
 20602 | Lab      | Got a shimmering buckler
 20688 | D:12     | Identified the +1 scale mail "Paryull" {Str+6 Dex+3} (You
                  | found it in a labyrinth)
 20698 | D:12     | Identified the amulet of Qinubisk {Inacc Int+7} (You found
                  | it in a labyrinth)
 20708 | D:12     | Identified the +2 buckler of Kuegunloo {rPois Str+4} (You
                  | found it in a labyrinth)
 20811 | D:10     | Got a polished ring mail
 20910 | Lair:2   | Identified the cursed +0 ring mail "Wecoseci" {MR- rCorr
                  | Dex+7} (You found it on level 10 of the Dungeon)
 20921 | Lair:2   | Identified the +3 ring mail "Asas" {rN+ rCorr} (You found
                  | it on level 2 of the Lair of Beasts)
 21460 | D:13     | Reached skill level 16 in Polearms
 21712 | D:13     | Received a gift from Okawaru
 21713 | D:13     | Got an encrusted dagger {god gift}
 22207 | D:13     | Found a gate to the Vaults.
 22296 | D:14     | Reached skill level 17 in Polearms
 22767 | D:14     | Found Ubichaus's Antique Armour Emporium.
 22771 | D:14     | Found a sacrificial altar of Ru.
 22993 | Orc:1    | Entered Level 1 of the Orcish Mines
 23029 | Orc:1    | Found a roughly hewn altar of Beogh.
 23191 | Orc:1    | Noticed Harold
 23208 | Orc:1    | Killed Harold
 23408 | Orc:2    | Entered Level 2 of the Orcish Mines
 23454 | Orc:2    | Reached skill level 18 in Polearms
 23578 | Orc:2    | Found a staircase to the Elven Halls.
 23643 | Orc:2    | Received a gift from Okawaru
 23809 | Orc:2    | Found Palucronk's Distillery.
 23954 | Orc:2    | Paralysed by an orc sorcerer for 2 turns
 24246 | Orc:2    | Bought a potion of mutation for 112 gold pieces
 24261 | Orc:2    | Lost mutation: You tend to lose your temper in combat.
                  | [potion of mutation]
 24261 | Orc:2    | Gained mutation: Your muscles are strong. (Str +2) [potion
                  | of mutation]
 24261 | Orc:2    | Gained mutation: Your flesh is heat resistant. (rF+)
                  | [potion of mutation]
 24261 | Orc:2    | Gained mutation: Your flesh is very heat resistant. (rF++)
                  | [potion of mutation]
 24261 | Orc:2    | Gained mutation: You have an increased reservoir of magic.
                  | (+10% MP) [potion of mutation]
 24291 | Orc:2    | Noticed an orc warlord
 24330 | Orc:2    | Reached skill level 19 in Polearms
 24342 | Orc:2    | Killed an orc warlord
 24648 | Orc:2    | Found Canid's General Store.
 24649 | Orc:2    | Found Icre's Book Emporium.
 24654 | Orc:2    | Found Gysyxag's Antique Armour Shoppe.
 24654 | Orc:2    | Found Vynna's Antique Weapon Shoppe.
 24663 | Orc:2    | Bought a glowing scarf for 320 gold pieces
 25245 | D:15     | Entered Level 15 of the Dungeon
 25598 | D:15     | Reached skill level 20 in Polearms
 25655 | D:15     | Reached skill level 5 in Evocations
 25708 | D:15     | Reached XP level 16. HP: 64/122 MP: 19/24
 26043 | D:15     | Found a staircase to the Depths.
 26061 | D:15     | Reached skill level 5 in Ice Magic
 26201 | D:15     | HP: 6/122 [eight-headed hydra (3)]
 26490 | Swamp:1  | Entered Level 1 of the Swamp
 26607 | Swamp:1  | Received a gift from Okawaru
 26702 | Swamp:1  | Identified a scroll of acquirement
 28257 | Swamp:3  | Received a gift from Okawaru
 28300 | Swamp:3  | Reached skill level 10 in Evocations
 28556 | Swamp:4  | Entered Level 4 of the Swamp
 28858 | Swamp:4  | Noticed a thorn hunter
 28866 | Swamp:4  | Killed a thorn hunter
 29269 | Swamp:4  | Noticed an azure jelly
 29288 | Swamp:4  | Killed an azure jelly
 29313 | Swamp:4  | Got a decaying rune of Zot
 29843 | Spider:1 | Entered Level 1 of the Spider Nest
 29853 | Spider:1 | Reached XP level 17. HP: 130/130 MP: 26/26
 30363 | Spider:1 | HP: 2/130 [wolf spider (10)]
 30364 | Spider:1 | Mangled by a wolf spider

Skill      XL: |  1  2  3  4  5  6  7  8  9 10 11 12 13 14 15 16 17 |
---------------+----------------------------------------------------+-----
Dodging        | 3 4 5 6 8 10 13 15 16 17 18 | 18.2
Polearms       | 4 5 6 7 9 12 14 15 20 | 20.0
Fighting       | 3 4 5 7 8 10 | 10.9
Hexes          | 1 2 3 5 6 8 |  8.0
Charms         | 4 5 7 8 |  8.0
Invocations    | 5 8 |  8.0
Armour         | 2 5 6 7 8 |  8.1
Translocations | 3 4 |  4.0
Evocations     | 4 5 10 | 10.0
Ice Magic      | 4 5 |  5.1
Spellcasting   | |  2.0

Action                   |  1- 3 |  4- 6 |  7- 9 | 10-12 | 13-15 | 16-18 || total
-------------------------+-------+-------+-------+-------+-------+-------++-------
Melee: Spear             |   138 |    85 |       |       |       |       ||   223
       Trident           |       |   148 |   420 |   881 |  1152 |    58 ||  2659
       Tailslap          |       |       |       |     8 |     2 |    27 ||    37
       Glaive            |       |       |       |       |   727 |   512 ||  1239
       Punch             |       |       |       |       |     4 |       ||     4
 Cast: Infusion          |     1 |     3 |       |       |       |       ||     4
       Spectral Weapon   |       |     5 |    26 |    68 |   105 |    18 ||   222
       Regeneration      |       |       |     1 |     2 |       |       ||     3
       Blink             |       |       |       |       |     2 |     2 ||     4
Invok: Heroism           |       |       |       |     3 |     8 |     1 ||    12
       Finesse           |       |       |       |     1 |     8 |     1 ||    10
Evoke: Wand              |       |     2 |     6 |     5 |     2 |       ||    15
  Use: Scroll            |       |    13 |     8 |     6 |    12 |    12 ||    51
       Potion            |       |     2 |     2 |    10 |     3 |     4 ||    21
 Stab: Sleeping          |     1 |     2 |     5 |     3 |       |     1 ||    12
       Distracted        |       |       |     2 |    15 |    20 |     2 ||    39
       Invisible         |       |       |       |     2 |       |       ||     2
  Eat: Chunk             |     2 |     5 |    11 |    18 |    47 |    13 ||    96
       Ration            |       |     1 |     2 |     2 |     5 |     1 ||    11
Armor: Leather armour    |    23 |    46 |    55 |    40 |       |       ||   164
       Troll leather arm |       |       |       |    63 |   300 |   111 ||   474
       Swamp dragon scal |       |       |       |       |       |    48 ||    48
Dodge: Dodged            |    69 |   119 |   204 |   633 |  1493 |   618 ||  3136
